 Dungeon Crawl Stone Soup version 0.23.1 (webtiles) character file.

Game seed: 3819372735806559345

1269 Chiseanne the Skirmisher (level 8, -1/71 HPs)
             Began as a Red Draconian Wanderer on Mar 7, 2019.
             Was a Believer of Cheibriados.
             Slain by a sky beast (6 damage)
             ... on level 7 of the Dungeon.
             The game lasted 00:11:22 (4420 turns).

Chiseanne the Skirmisher (Red Draconian Wanderer)   Turns: 4420, Time: 00:11:23

Health: -1/71      AC: 10    Str: 18    XL:     8   Next: 28%
Magic:  11/11      EV: 13    Int: 20    God:    Cheibriados [**....]
Gold:   129        SH:  0    Dex: 20    Spells: 8/9 levels left

rFire    + . .     SeeInvis .   a - +2 hand axe
rCold    . . .     Gourm    .   (no shield)
rNeg     . . .     Faith    .   (armour unavailable)
rPois    .         Spirit   .   (helmet restricted)
rElec    .         Reflect  .   (no cloak)
rCorr    .         Harm     .   j - +0 pair of gloves (curse)
MR       .....                  (no boots)
Stlth    ++........             k - amulet of rage
HPRegen  0.21/turn              x - +3 ring of protection
MPRegen  0.12/turn              (no ring)

@: lethally poisoned (-1 -> -1), very slow
A: breathe fire, unfitting armour, fire resistance 1, cold-blooded, AC +6
a: Breathe Fire, Bend Time, Renounce Religion, Evoke Berserk Rage


You were on level 7 of the Dungeon.
You worshipped Cheibriados.
Cheibriados was pleased with you.
You were not hungry.

You visited 1 branch of the dungeon, and saw 7 of its levels.

You collected 129 gold pieces.

Inventory:

Hand Weapons
 a - a +2 hand axe (weapon)
Missiles
 e - 125 stones
 o - 19 bolts
 q - 66 sling bullets
 t - 2 needles of sleeping
 v - 14 poisoned needles
 y - 58 arrows
 z - 2 javelins
 A - 7 steel tomahawks (quivered)
Armour
 j - a cursed +0 pair of gloves (worn)
Jewellery
 k - an amulet of rage (around neck)
 x - a +3 ring of protection (left hand)
Wands
 l - a wand of iceblast (4)
 m - a wand of polymorph (3)
Scrolls
 g - 2 scrolls of remove curse
 h - a scroll of teleportation
 s - a scroll of amnesia
Potions
 c - a potion of curing
 f - 2 potions of ambrosia
 i - a potion of degeneration {unknown}
 p - 2 potions of might {unknown}
 r - a potion of magic {unknown}
 w - a potion of mutation
 B - a potion of invisibility {unknown}
Comestibles
 b - a chunk of flesh
 d - 10 rations


   Skills:
 * Level 6.8 Fighting
 * Level 5.8 Axes
 + Level 2.5 Dodging
 - Level 1.0 Stealth
   Level 1.0 Shields
 - Level 1.0 Spellcasting
   Level 2.0 Necromancy
 * Level 4.6 Invocations
 + Level 2.8 Evocations


You had 8 spell levels left.
You knew the following spells:

 Your Spells              Type           Power        Failure   Level  Hunger
a - Apportation           Tloc           #.....       17%         1    ##.....

Your spell library contained the following spells:

 Spells                   Type           Power        Failure   Level  Hunger
 Recall                   Summ/Tloc      N/A          45%         3    ####...


Dungeon Overview and Level Annotations

Branches:
Dungeon (7/15)
 Temple: D:4-7

Altars:
Cheibriados
Sif Muna

Annotations:
D:5 exclusion: 2 doors, Grinder, Sigmund


Innate Abilities, Weirdness & Mutations

You can breathe blasts of fire.
Your fiery red scales are hard. (AC +6)
You cannot fit into any form of body armour.
Your flesh is heat resistant. (rF+)
You are cold-blooded and may be slowed by cold attacks.


Message History

Deactivating autopickup; reactivate with Ctrl-A.
Something hits you but does no damage.
You hit something. You tail-slap something.
You have got your breath back.
Something hits you but does no damage.
You feel sick. Something hits you but does no damage.
You see here a leather armour.
Something hits you but does no damage.
You feel sick. Something hits you but does no damage.
Something hits you but does no damage.
You feel sick. Something hits you.
* * * LOW HITPOINT WARNING * * *
Something shocks you.
* * * LOW HITPOINT WARNING * * *
A sky beast appears from thin air!
Reactivating autopickup.
The sky beast hits you.
* * * LOW HITPOINT WARNING * * *
The sky beast shocks you.
You die...

....#####.# ....#
#...# # #...# .#
#...#####.# ##
#..<......### ..
#...##†.####.## ##.#
.......!###.#.###...#
##(.##†###.#...Y@.#
#..##.####...###...#
#..##.[.....## ##.#
#..########## .. n...
#.# ..... # .....
...)..


You could see a sky beast.

Vanquished Creatures
  A phantom (D:6)
  An orc warrior (D:6)
  2 ogres (D:6)
  A necrophage (D:7)
  An ice beast (D:5)
  A bullfrog (D:6)
  3 killer bees (D:7)
  2 crimson imps
  An orc priest (D:6)
  2 hounds (D:6)
  A jelly (D:6)
  2 orc wizards (D:6)
  A gnoll shaman (D:6)
  Jessica (D:2)
  An iguana (D:6)
  2 worker ants
  A hound skeleton (D:5)
  3 gnolls (D:6)
  4 adders
  3 oozes
  An adder zombie (D:4)
  A worm (D:2)
  A dart slug (D:1)
  4 leopard geckos
  An orc (D:6)
  4 giant cockroaches
  9 goblins
  5 hobgoblins
  6 jackals
  6 kobolds
  A quokka (D:3)
  A ball python (D:2)
  8 bats
  3 frilled lizards
  A jackal skeleton (D:6)
  A leopard gecko zombie (D:6)
  4 rats
91 creatures vanquished.

Notes
Turn   | Place    | Note
-------+----------+-------------------------------------------
     0 | D:1      | Chiseanne the Draconian Wanderer began the quest for the
                  | Orb.
     0 | D:1      | Chiseanne set off with the following items: a +2 hand axe,
                  | a potion of curing, a ration; and the following spell
                  | memorised: Apportation; and the following spells available
                  | to memorise: Recall
     0 | D:1      | Reached XP level 1. HP: 19/19 MP: 2/2
   102 | D:1      | Reached XP level 2. HP: 23/27 MP: 3/3
   579 | D:1      | Reached skill level 4 in Fighting
   579 | D:1      | Reached XP level 3. HP: 26/33 MP: 4/4
   936 | D:2      | Noticed Jessica
   941 | D:2      | Killed Jessica
   941 | D:2      | Reached XP level 4. HP: 40/41 MP: 5/5
  1531 | D:3      | Found a faded altar of an unknown god.
  1535 | D:3      | Became a worshipper of Cheibriados the Contemplative
  1535 | D:3      | Reached * piety under Cheibriados
  2265 | D:5      | Entered Level 5 of the Dungeon
  2301 | D:5      | Reached skill level 1 in Invocations
  2301 | D:5      | Reached XP level 5. HP: 40/47 MP: 6/6
  2321 | D:5      | Noticed Grinder
  2354 | D:5      | Noticed an ice beast
  2376 | D:4      | Reached skill level 5 in Fighting
  2568 | D:5      | Killed an ice beast
  2568 | D:5      | Reached skill level 1 in Dodging
  2568 | D:5      | Reached skill level 1 in Evocations
  2568 | D:5      | Reached XP level 6. HP: 51/56 MP: 3/7
  2813 | D:6      | Reached ** piety under Cheibriados
  3053 | D:6      | Noticed Blork the orc
  3055 | D:6      | Noticed Blork
  3055 | D:6      | Blork the orc changed into Blork the jelly
  3058 | D:6      | Killed Blork the jelly
  3066 | D:6      | Found a deep blue altar of Sif Muna.
  3171 | D:6      | Your scales start taking on a fiery red colour.
  3171 | D:6      | Reached XP level 7. HP: 62/62 MP: 9/9
  3171 | D:6      | Gained mutation: Your flesh is heat resistant. (rF+) [Red
                  | Draconian growth]
  3461 | D:6      | Reached skill level 6 in Fighting
  3462 | D:6      | Reached skill level 5 in Axes
  3752 | D:5      | Noticed Sigmund
  3781 | D:6      | Reached XP level 8. HP: 20/71 MP: 11/11
  4420 | D:7      | Slain by a sky beast

Skill      XL: |  1  2  3  4  5  6  7 |
---------------+----------------------+-----
Fighting       | 4 5 6 |  6.8
Axes           | 3 4 5 |  5.8
Invocations    | 1 2 3 4 |  4.6
Dodging        | 1 2 |  2.5
Evocations     | 1 2 |  2.8
Stealth        | |  1.0
Shields        | |  1.0
Spellcasting   | |  1.0
Necromancy     | |  2.0

Action                   |  1- 3 |  4- 6 |  7- 9 || total
-------------------------+-------+-------+-------++-------
Melee: Hand axe          |    77 |   161 |    86 ||   324
       Tailslap          |     7 |    24 |    13 ||    44
       Unarmed           |     1 |     4 |       ||     5
Throw: Tomahawk          |       |       |     7 ||     7
       Javelin           |       |       |     2 ||     2
Invok: Bend Time         |       |     1 |       ||     1
 Abil: Breathe Fire      |       |       |     3 ||     3
Evoke: Wand              |       |     3 |     3 ||     6
  Use: Scroll            |       |     9 |     1 ||    10
       Potion            |       |     1 |     2 ||     3
 Stab: Sleeping          |     3 |     2 |       ||     5
  Eat: Chunk             |       |     5 |     2 ||     7
Armor: Skin              |    35 |    64 |    56 ||   155
Dodge: Dodged            |    59 |   114 |    81 ||   254
